 Dungeon Crawl Stone Soup version 0.26.0-5-gb5863c6483 (webtiles) character file.

Game seed: 6837258438425880613

76651 Froggeryz the Brawler (level 15, 0/120 HPs)
             Began as a Demonspawn Gladiator on Jan 10, 2021.
             Was the Champion of Cheibriados.
             Killed by drain life
             ... invoked by a soul eater
             ... summoned by an orc high priest
              (8 damage)
             ... on level 2 of the Orcish Mines.
             The game lasted 00:33:12 (25128 turns).

Froggeryz the Brawler (Demonspawn Gladiator)       Turns: 25128, Time: 00:33:12

Health: 0/120      AC: 17    Str: 32    XL:     15   Next: 13%
Magic:  0/22       EV: 29    Int: 23    God:    Cheibriados [******]
Gold:   2198       SH:  5    Dex: 31    Spells: 11/14 levels left

rFire    + . .     SeeInvis +     - Unarmed
rCold    x . .     Faith    .   (no shield)
rNeg     . . .     Spirit   +   I - +5 chain mail of Lomes {rPois Int-4 SInv}
rPois    +         Reflect  +   (helmet unavailable)
rElec    .         Harm     .   w - +1 cloak of Starlight {*Dazzle EV+4 Stlth--}
rCorr    .         Rampage  .   (no gloves)
Will     +....                  (no boots)
Stlth    ..........             y - amulet of reflection
HPRegen  0.30/turn              a - +4 ring of evasion
MPRegen  0.36/turn              O - ring of fire

@: agile, very slow
A: antennae 3, claws 2, hooves 2, mutation resistance 1, powered by pain 1,
magic shield, magic regeneration, MP-powered wands
a: Renounce Religion, Bend Time, Temporal Distortion, Slouch, Step From Time


You were on level 2 of the Orcish Mines.
You worshipped Cheibriados.
Cheibriados was exalted by your worship.
You visited 4 branches of the dungeon, and saw 20 of its levels.
You also visited: Sewer.

You collected 2198 gold pieces.

Inventory:

Missiles
 c - 3 throwing nets
 l - 5 curare-tipped darts (quivered)
Armour
 q - a +0 tower shield
 w - the +1 cloak of Starlight (worn) {*Dazzle EV+4 Stlth--}
   (You found it on level 11 of the Dungeon)

   It affects your evasion (+4).
   It makes you much less stealthy.
 G - a +1 hat
 I - the +5 chain mail of Lomes (worn) {rPois Int-4 SInv}
   (You found it on level 1 of the Lair of Beasts)

   It affects your intelligence (-4).
   It protects you from poison.
   It lets you see invisible.
Jewellery
 a - a +4 ring of evasion (left claw)
 j - an uncursed ring of ice
 x - a +4 ring of protection
 y - an amulet of reflection (around neck)
 N - an uncursed ring of see invisible
 O - a ring of fire (right claw)
 Q - a cursed ring of teleportation
 R - the ring of the Messenger {Ice rElec Str+6}
   (You found it on level 6 of the Lair of Beasts)

   [ring of ice]

   It enhances your ice magic.
   It affects your strength (+6).
   It makes you vulnerable to fire.
   It protects you from cold.
   It insulates you from electricity.
Wands
 u - a wand of paralysis (18)
 B - a wand of disintegration (13)
 D - a wand of acid (18)
 E - a wand of enslavement (1)
 H - a wand of iceblast (6)
 J - a wand of digging (11)
Scrolls
 d - 3 scrolls of immolation
 g - 2 scrolls of fear
 h - 8 scrolls of enchant armour
 o - 2 scrolls of amnesia
 s - 4 scrolls of blinking
 t - 7 scrolls of teleportation
 v - 7 scrolls of magic mapping
 z - 4 scrolls of fog
 A - 4 scrolls of enchant weapon {unknown}
 C - a scroll of brand weapon {unknown}
 F - 8 scrolls of remove curse
 K - a scroll of torment {unknown}
 L - 2 scrolls of identify
 P - a scroll of summoning {unknown}
Potions
 b - 2 potions of cancellation
 e - 2 potions of ambrosia
 f - 3 potions of lignification
 i - 3 potions of curing
 k - 2 potions of flight
 m - 5 potions of mutation
 n - 3 potions of might
 p - 3 potions of brilliance {unknown}
 r - 3 potions of heal wounds
Miscellaneous
 M - a condenser vane (inert)


   Skills:
 + Level 11.6 Fighting
 - Level 1.7 Throwing
 - Level 6.0 Armour
 + Level 7.2 Dodging
 - Level 5.1 Shields
 * Level 17.1 Unarmed Combat
 + Level 2.7 Translocations
 - Level 5.1 Transmutations
 + Level 10.4 Invocations


You had 11 spell levels left.
You knew the following spells:

 Your Spells              Type           Power        Failure   Level
a - Blink                 Tloc           N/A          32%         2
b - Beastly Appendage     Tmut           46%          9%          1

Your spell library contained the following spells:

 Spells                   Type           Power        Failure   Level
 Wereblood                Tmut           23%          12%         2
 Apportation              Tloc           24%          22%         1
 Animate Skeleton         Necr           0%           54%         1
 Corona                   Hex            0%           54%         1
 Foxfire                  Conj/Fire      0%           54%         1
 Magic Dart               Conj           0%           54%         1
 Summon Small Mammal      Summ           0%           54%         1
 Gell's Gravitas          Tloc           6%           54%         3
 Spider Form              Tmut/Pois      5%           56%         3
 Call Imp                 Summ           0%           69%         2
 Poisonous Vapours        Pois/Air       0%           69%         2
 Slow                     Hex            0%           69%         2
 Confusing Touch          Hex            0%           89%         3
 Conjure Flame            Conj/Fire      0%           89%         3
 Inner Flame              Hex/Fire       0%           89%         3
 Mephitic Cloud           Conj/Pois/Air  0%           89%         3
 Blade Hands              Tmut           11%          92%         5
 Ice Form                 Ice/Tmut       11%          93%         4
 Petrify                  Tmut/Erth      11%          93%         4
 Sticky Flame             Conj/Fire      0%           100%        4
 Fireball                 Conj/Fire      0%           100%        5
 Metabolic Englaciation   Hex/Ice        0%           100%        5
 Yara's Violent Unravell  Hex/Tmut       5%           100%        5
 Freezing Cloud           Conj/Ice/Air   0%           100%        6


Dungeon Overview and Level Annotations

Branches:
Dungeon (11/15)            Temple (1/1) D:4            Lair (6/6) D:11
 Shoals (0/4) Lair:4        Snake (0/4) Lair:3        Slime (0/5) Lair:5
    Orc (2/2) D:11            Elf (0/3) Orc:2         Sewer (visited)

Altars:
Ashenzari
Cheibriados
Dithmenos
Elyvilon
Fedhas
Gozag
Hepliaklqana
Kikubaaqudgha
Makhleb
Nemelex Xobeh
Okawaru
Qazlal
Ru
Sif Muna
Trog
Uskayaw
Vehumet
Wu Jian
Xom
Yredelemnul
Zin
The Shining One
Beogh
Jiyva

Shops:
D:5 (   Orc:1 :

Annotations:
D:9 3 runed translucent doors, ryzol's ghost, journeyman GrEE
D:10 3 runed translucent doors, mokwee's ghost, journeyman OpVM


Innate Abilities, Weirdness & Mutations

You have a pair of large antennae on your head. (SInv)
You have very sharp fingernails.
You have hoof-like feet.
You sometimes gain a little power by taking damage.
When hurt, damage is shared between your health and your magic reserves.
You regenerate magic rapidly.
You are somewhat resistant to further mutation.
You expend magic power (3 MP) to strengthen your wands.


Message History

The soul eater draws from the surrounding life force!
* * * LOW HITPOINT WARNING * * *
The ufetubus barely misses you. The ufetubus misses you.
The ufetubus completely misses you.
The ufetubus is blinded by the light from your cloak!
The ufetubus completely misses you.
The ynoxinul gestures.
The ufetubus completely misses you. x2
The soul eater draws from the surrounding life force!
* * * LOW HITPOINT WARNING * * *
There is a stone staircase leading up here.
The ufetubus misses you. The ufetubus completely misses you.
The ufetubus misses you.
The ufetubus's vision is obscured by starry radiance!
You block the ufetubus's attack. The orc warrior barely misses you.
The ufetubus completely misses you.
The ufetubus's sight is seared by the starlight!
You block the ufetubus's attack.
The soul eater draws from the surrounding life force!
You die...

### ### #### #############
..####.####..###.#.#.##.##.##
...#.....#..................#
..#......[..................#
.........[<.........#......##
........[[[[.........##.####
...........>........#.#.#.##
...........................#
......).[......5@.....#...##
.##...)<....)5o535....##.##
..#...[[[.....o3#.5.......#
.##..........55.#.....##.##
..#............#.o.....###
................#......^.##
...........[3...#.#.#.....##
.#.......[))...#...........####
.........[##).#.#.#.........#.##


You could see a soul eater (summoned), an orc high priest, a neqoxec (summoned),
a ynoxinul (summoned), 2 orc warriors, 2 iron imps and 5 ufetubi.

Vanquished Creatures
  An orc warlord (Orc:1)
  A stone giant (D:11)
  Fannar (D:11)
  A fire dragon (Lair:6)
  Harold (Lair:2)
  7 hydras
  3 two-headed ogres
  The ghost of lasso the Thaumaturge, a journeyman DECj of Vehumet (Lair:1)
  2 orc high priests (Orc:2)
  2 unseen horrors
  4 lindwurms
  8 orc knights
  6 orc sorcerers
  An oklob plant (Lair:1)
  2 ugly things
  A merfolk siren (Lair:4)
  11 black mambas
  42 elephants
  Maurice (D:11)
  Psyche (D:9)
  Joseph (Lair:1)
  A torpor snail (Lair:2)
  12 cane toads
  A rime drake (Lair:5)
  2 molten gargoyles (Lair:6)
  10 komodo dragons
  7 trolls
  5 polar bears
  3 blink frogs (Lair:5)
  4 dream sheep (Lair:6)
  A shadow (D:11)
  6 wyverns
  A wraith (D:10)
  7 basilisks
  60 yaks
  2 steam dragons (Lair:6)
  8 wargs
  3 nagas (Lair:3)
  14 water moccasins
  5 hell hounds (Lair:6)
  24 orc warriors
  An ice beast (D:7)
  3 black bears
  3 sky beasts
  An eye of draining (D:10)
  2 phantoms
  10 ogres
  25 wolves
  7 centaurs
  19 bullfrogs
  A water moccasin zombie (D:11)
  2 water moccasin skeletons
  A scorpion (D:5)
  12 killer bees
  4 howler monkeys
  6 hounds
  4 lava snakes (Lair:6)
  15 orc priests
  2 jellies
  A bullfrog zombie (D:5)
  5 iguanas
  20 orc wizards
  4 worker ants
  2 hound zombies
  A hound skeleton (D:10)
  2 worker ant zombies
  11 gnolls
  10 adders
  A shadow imp (D:7)
  2 white imps
  An ufetubus (D:8)
  An ooze (D:1)
  An adder skeleton (D:5)
  4 worms
  5 dart slugs
  7 leopard geckos
  69 orcs
  10 giant cockroaches
  7 goblins
  2 hobgoblins (D:1)
  8 jackals
  5 quokkas
  6 ball pythons
  5 bats
  13 frilled lizards
  A jackal skeleton (D:5)
  6 kobolds
  A leopard gecko zombie (D:5)
  2 quokka skeletons
  3 rats
608 creatures vanquished.

Vanquished Creatures (collateral kills)
  5 orcs (D:9)
5 creatures vanquished.

Vanquished Creatures (others)
  A yak (D:9)
  An orc warrior (D:9)
  An orc (Orc:1)
  21 bushes (Lair:6)
  30 fungi
  106 plants
160 creatures vanquished.

Grand Total: 773 creatures vanquished

Notes
Turn   | Place    | Note
-------+----------+-------------------------------------------
     0 | D:1      | Froggeryz the Demonspawn Gladiator began the quest for the
                  | Orb.
     0 | D:1      | Reached XP level 1. HP: 16/16 MP: 1/1
   128 | D:1      | Reached skill level 3 in Unarmed Combat
   217 | D:1      | Gained mutation: When hurt, damage is shared between your
                  | health and your magic reserves. [demonic ancestry]
   217 | D:1      | Reached XP level 2. HP: 21/22 MP: 2/2
   304 | D:1      | Reached skill level 1 in Armour
   925 | D:1      | Reached XP level 3. HP: 24/27 MP: 3/3
  1854 | D:2      | Reached skill level 4 in Unarmed Combat
  1854 | D:2      | Reached XP level 4. HP: 26/33 MP: 4/4
  2400 | D:3      | Found an ancient bone altar of Kikubaaqudgha.
  2504 | D:3      | You fall into a shaft and drop 2 floors!
  2504 | D:5      | Entered Level 5 of the Dungeon
  2669 | D:5      | Found Wunos's Antique Weapon Emporium.
  2719 | D:4      | Reached XP level 5. HP: 20/38 MP: 5/5
  2835 | D:4      | Found a glowing drain.
  2844 | Sewer    | Entered a sewer
  3088 | Sewer    | Reached skill level 5 in Unarmed Combat
  3092 | Sewer    | Gained mutation: You regenerate magic rapidly. [demonic
                  | ancestry]
  3092 | Sewer    | Reached XP level 6. HP: 44/44 MP: 3/6
  4414 | D:4      | Reached skill level 6 in Unarmed Combat
  4484 | D:4      | Found a staircase to the Ecumenical Temple.
  4886 | D:5      | Found a blossoming altar of Fedhas.
  5181 | D:5      | Noticed a sky beast
  5201 | D:5      | Killed a sky beast
  5202 | D:5      | Gained mutation: You sometimes gain a little power by
                  | taking damage. [demonic ancestry]
  5202 | D:5      | Reached XP level 7. HP: 41/50 MP: 5/7
  5322 | D:5      | Reached skill level 7 in Unarmed Combat
  5645 | D:5      | Reached skill level 8 in Unarmed Combat
  6057 | D:5      | Gained mutation: You have a pair of small antennae on your
                  | head. [demonic ancestry]
  6057 | D:5      | Reached XP level 8. HP: 24/56 MP: 6/8
  6589 | D:6      | Reached skill level 9 in Unarmed Combat
  7501 | D:6      | Found a basalt altar of Yredelemnul.
  7501 | D:6      | Found a shimmering blue altar of Sif Muna.
  7770 | D:7      | Reached skill level 10 in Unarmed Combat
  8045 | D:6      | Gained mutation: Your body sometimes deteriorates upon
                  | taking damage. [potion of mutation]
  8045 | D:6      | Gained mutation: You have sharp toenails. [potion of
                  | mutation]
  8314 | D:6      | Lost mutation: Your body sometimes deteriorates upon taking
                  | damage. [potion of mutation]
  8314 | D:6      | Lost mutation: You have sharp toenails. [potion of
                  | mutation]
  8314 | D:6      | Gained mutation: You are somewhat resistant to further
                  | mutation. [potion of mutation]
  8314 | D:6      | Gained mutation: You expend magic power (3 MP) to
                  | strengthen your wands. [potion of mutation]
  8740 | D:7      | Reached XP level 9. HP: 58/61 MP: 9/9
  9411 | D:8      | Reached skill level 11 in Unarmed Combat
 10012 | D:8      | Learned a level 2 spell: Blink
 10104 | D:9      | Noticed a troll
 10106 | D:9      | Noticed a troll
 10118 | D:8      | Killed a troll
 10476 | Temple   | Entered the Ecumenical Temple
 10487 | Temple   | Became a worshipper of Cheibriados the Contemplative
 10583 | D:9      | Noticed a two-headed ogre
 10608 | D:9      | Killed a two-headed ogre
 10609 | D:9      | Reached skill level 5 in Fighting
 10609 | D:9      | Reached skill level 12 in Unarmed Combat
 10634 | D:9      | Killed a troll
 10747 | D:9      | Reached * piety under Cheibriados
 10755 | D:9      | Gained mutation: You have large cloven feet. [demonic
                  | ancestry]
 10755 | D:9      | Reached XP level 10. HP: 66/74 MP: 8/10
 10837 | D:9      | Found a roughly hewn altar of Beogh.
 10915 | D:9      | Noticed Psyche
 10925 | D:9      | Paralysed by Psyche for 3 turns
 10929 | D:9      | Killed Psyche
 11329 | D:9      | Found a runed translucent gate.
 11329 | D:9      | Found a runed translucent gate.
 11329 | D:9      | Found a runed translucent gate.
 11330 | D:9      | Noticed ryzol's ghost (journeyman GrEE)
 11364 | D:9      | Reached ** piety under Cheibriados
 11751 | D:10     | Entered Level 10 of the Dungeon
 12140 | D:10     | Killed an unseen horror
 12141 | D:10     | Reached skill level 13 in Unarmed Combat
 12300 | D:10     | Noticed a purple ugly thing
 12313 | D:10     | Killed a purple ugly thing
 12993 | D:10     | Found a runed translucent gate.
 12994 | D:10     | Found a runed translucent gate.
 12994 | D:10     | Found a runed translucent gate.
 12998 | D:10     | Noticed a two-headed ogre
 13005 | D:10     | Killed a two-headed ogre
 13006 | D:10     | Gained mutation: You have sharp fingernails. [demonic
                  | ancestry]
 13006 | D:10     | Reached XP level 11. HP: 62/84 MP: 4/11
 13439 | D:10     | Reached *** piety under Cheibriados
 13730 | D:10     | Noticed mokwee's ghost (journeyman OpVM)
 13810 | D:11     | Found the +1 cloak of Starlight {*Dazzle EV+4 Stlth--}
 13823 | D:11     | Killed an unseen horror
 13824 | D:11     | Reached skill level 1 in Shields
 14308 | D:11     | Noticed Fannar
 14350 | D:11     | Killed Fannar
 14373 | D:11     | Reached **** piety under Cheibriados
 14374 | D:11     | Noticed Maurice
 14376 | D:11     | Found a staircase to the Orcish Mines.
 14381 | D:11     | Killed Maurice
 14841 | D:11     | Reached skill level 5 in Armour
 14843 | D:11     | Noticed a cyan ugly thing
 14855 | D:11     | Killed a cyan ugly thing
 14940 | D:11     | Found a staircase to the Lair.
 15040 | D:11     | Reached skill level 14 in Unarmed Combat
 15256 | Lair:1   | Entered Level 1 of the Lair of Beasts
 15259 | Lair:1   | Noticed Joseph
 15507 | Lair:1   | Killed Joseph
 16095 | Lair:1   | Found a runed translucent door.
 16098 | Lair:1   | Noticed lasso's ghost (journeyman DECj)
 16461 | Lair:1   | Reached ***** piety under Cheibriados
 16650 | Lair:1   | Gained mutation: You have hoof-like feet. [demonic
                  | ancestry]
 16650 | Lair:1   | Reached XP level 12. HP: 68/94 MP: 12/12
 16918 | Lair:1   | Got a warped chain mail
 16922 | Lair:1   | Identified the +5 chain mail of Lomes {rPois Int-4 SInv}
                  | (You found it on level 1 of the Lair of Beasts)
 17230 | Lair:1   | Reached skill level 1 in Invocations
 17410 | Lair:1   | Killed lasso's ghost
 17717 | Lair:2   | Noticed Harold
 17724 | Lair:2   | Killed Harold
 17768 | Lair:2   | Noticed a six-headed hydra
 17780 | Lair:2   | Killed a six-headed hydra
 17781 | Lair:2   | Reached skill level 5 in Shields
 17786 | Lair:2   | Reached skill level 15 in Unarmed Combat
 18519 | Lair:3   | Reached skill level 5 in Invocations
 18594 | Lair:3   | You fall into a shaft and drop 1 floor!
 18849 | Lair:3   | Found a staircase to the Snake Pit.
 19078 | Lair:3   | Learned a level 1 spell: Beastly Appendage
 19417 | Lair:4   | Gained mutation: You have a pair of antennae on your head.
                  | [demonic ancestry]
 19417 | Lair:4   | Reached XP level 13. HP: 103/103 MP: 17/17
 19435 | Lair:4   | Reached skill level 1 in Transmutations
 19671 | Lair:4   | Found a staircase to the Shoals.
 19677 | Lair:4   | Reached ****** piety under Cheibriados
 19732 | Lair:4   | Reached skill level 10 in Fighting
 20446 | Lair:5   | Reached skill level 5 in Dodging
 20556 | Lair:5   | Found a viscous altar of Jiyva.
 20556 | Lair:5   | Found a staircase to the Slime Pits.
 21071 | Lair:6   | Entered Level 6 of the Lair of Beasts
 21086 | Lair:6   | Reached skill level 16 in Unarmed Combat
 21301 | Lair:6   | Gained mutation: You have very sharp fingernails. [demonic
                  | ancestry]
 21301 | Lair:6   | Reached XP level 14. HP: 83/111 MP: 15/20
 21401 | Lair:6   | Got a bound ivory ring
 21583 | Lair:6   | Identified the ring of the Messenger {Ice rElec Str+6} (You
                  | found it on level 6 of the Lair of Beasts)
 21655 | Lair:6   | Found a large runed translucent door.
 21656 | Lair:6   | Found a large runed translucent door.
 22020 | Lair:6   | Reached skill level 5 in Transmutations
 22907 | Lair:6   | Reached skill level 1 in Translocations
 23231 | Orc:1    | Entered Level 1 of the Orcish Mines
 23231 | Orc:1    | Noticed a stone giant
 23243 | D:11     | Killed a stone giant
 23830 | Orc:1    | Noticed an orc warlord
 23839 | Orc:1    | Killed an orc warlord
 23850 | Orc:1    | Reached skill level 10 in Invocations
 24095 | Orc:2    | Entered Level 2 of the Orcish Mines
 24095 | Orc:2    | Found a staircase to the Elven Halls.
 24104 | Orc:2    | Paralysed by an orc sorcerer for 5 turns
 24468 | Orc:1    | Reached skill level 17 in Unarmed Combat
 24515 | Orc:1    | Gained mutation: You have a pair of large antennae on your
                  | head. (SInv) [demonic ancestry]
 24515 | Orc:1    | Reached XP level 15. HP: 97/119 MP: 22/22
 24689 | Orc:1    | Found Jup Fol's Book Boutique.
 25086 | Orc:2    | Paralysed by an orc sorcerer for 4 turns
 25128 | Orc:2    | Killed from afar by a soul eater

Illustrated notes

Levels and vault maps discovered:
D:1:      wander_arrival_abandoned_jail, layout_loops_ring, eino_curves_03
D:2:      layout_basic
D:3:      layout_basic, overflow_temple_1_default
D:4:      layout_basic, minmay_temple_entry_mist, cheibrodos_sewer_entry_sluice,
          chequers_serial_rivers_marsh, kennysheep_generic_room_10
D:5:      minmay_chambers_of_threes, layout_gridville, fedhas_altar_2,
          serial_shops, shop_statue
D:6:      layout_loops_ring, gammafunk_temple_overflow_pools, dk_noncrumbling_4
D:7:      layout_rooms, minmay_small_thing
D:8:      layout_loops_ring
D:9:      layout_small_grid, gammafunk_ghost_nasty_kobolds, special_room
          [special_room_orc], uniq_psyche
D:10:     layout_layer_cave, gammafunk_ghost_necromancy, hangedman_decor_growths
D:11:     layout_long_grid, david_lair_shrubbed, orc_0_dummy, uniq_maurice,
          uniq_fannar
Temple:   nicolae_temple_no_exploring_needed
Lair:1:   layout_cave_pods, hellmonk_ghost_happy_afterlife,
          chequers_serial_rivers_small_a, minmay_lair_oklob_items,
          infiniplex_staircase_pool, uniq_joseph
Lair:2:   beast_lair_carwin_large_2, layout_chaotic_city, grunt_megastairs_4,
          uniq_harold
Lair:3:   wad_woods_04, layout_gridlike, guppyfry_snake_entry_garden
Lair:4:   layout_long_grid, minmay_shoals_entry_lonely_mermaid, minmay_holes
Lair:5:   layout_layer_cave, dpeg_slime_entry_enclosed_altar
Lair:6:   cheibrodos_lair_end_hotspot, layout_gridlike, serial_forest,
          infiniplex_forest_straight_4, infiniplex_forest_clump_long,
          infiniplex_forest_straight_2, infiniplex_forest_3_way,
          infiniplex_forest_clump_tiny, infiniplex_forest_fountain,
          infiniplex_forest_lined_4_way, patterned_corridor
Orc:1:    layout_caves, serial_shops, nicolae_shop_window_shopping
Orc:2:    grunt_orc_tribal_feast, layout_caves

Skill      XL: |  1  2  3  4  5  6  7  8  9 10 11 12 13 14 |
---------------+-------------------------------------------+-----
Unarmed Combat | 3 4 5 6 8 10 12 13 14 15 16 17 | 17.1
Armour         | 1 2 4 5 6 |  6.0
Fighting       | 5 7 8 9 10 11 | 11.6
Shields        | 3 5 |  5.1
Invocations    | 5 8 10 | 10.4
Dodging        | 3 5 7 |  7.2
Transmutations | 3 5 |  5.1
Translocations | 2 |  2.7
Throwing       | |  1.7

Action                   |  1- 3 |  4- 6 |  7- 9 | 10-12 | 13-15 || total
-------------------------+-------+-------+-------+-------+-------++-------
Melee: Unarmed           |   178 |   273 |   435 |   559 |   659 ||  2104
       Punch             |     1 |     8 |    14 |    61 |    94 ||   178
       Kick              |       |       |       |   269 |   388 ||   657
Throw: Throwing net      |       |     1 |       |       |       ||     1
       Dart              |       |       |       |     2 |     3 ||     5
Invok: Slouch            |       |       |       |       |     2 ||     2
Evoke: Wand              |       |       |    11 |     4 |     4 ||    19
       Condenser vane    |       |       |       |       |     1 ||     1
  Use: Scroll            |       |     2 |    10 |     5 |     3 ||    20
       Potion            |       |     1 |    14 |     4 |       ||    19
 Stab: Sleeping          |     2 |       |       |       |       ||     2
       Paralysed         |       |       |     6 |     2 |       ||     8
       Invisible         |       |       |     2 |    17 |    67 ||    86
       Confused          |       |       |       |       |     4 ||     4
Armor: Leather armour    |    42 |       |       |       |       ||    42
       Ring mail         |     2 |    66 |    30 |       |       ||    98
       Skin              |       |    15 |       |       |       ||    15
       Scale mail        |       |       |   132 |   163 |       ||   295
       Chain mail        |       |       |       |    43 |   182 ||   225
Dodge: Dodged            |   122 |   205 |   211 |   459 |   818 ||  1815
Block: Other             |       |       |       |    21 |   156 ||   177
       Reflection        |       |       |       |       |     3 ||     3
